 Dungeon Crawl Stone Soup version 0.28.0-43-g3370ac3207 (webtiles) character file.

Game seed: 14136834770888419047

62 experimilk the Chopper (level 3, 0/31 HPs)
             Began as a Palentonga Fighter on Mar 18, 2022.
             Was an Initiate of Ru.
             Succumbed to an adder's poison
             ... on level 3 of the Dungeon.
             The game lasted 00:06:34 (2643 turns).

experimilk the Chopper (Palentonga Fighter)         Turns: 2643, Time: 00:06:35

Health: 0/31       AC:  9    Str: 21    XL:     3   Next: 85%
Magic:  3/3        EV:  4    Int:  8    God:    Ru [......]
Gold:   105        SH:  0    Dex:  9    Spells: 2/2 levels left

rFire   + . .      SeeInvis +   e - +0 battleaxe
rCold   + . .      Faith    .   (shield currently unavailable)
rNeg    . . .      Spirit   .   j - +0 plate armour
rPois   +          Reflect  .   (no helmet)
rElec   +          Harm     .   (no cloak)
rCorr   +          Rampage  .   (no gloves)
Will    .....                   (no barding)
Stlth   ..........              (no amulet)
HPRegen 0.10/turn               (no ring)
MPRegen 0.08/turn               (no ring)

@: lethally poisoned (0 -> -3), resistant
A: large, rugged brown scales 3, see invisible, deformed body, roll 1, armoured
tail
a: Rolling Charge, Renounce Religion


You were on level 3 of the Dungeon.
You worshipped Ru.
Ru was noncommittal.
You visited 1 branch of the dungeon, and saw 3 of its levels.

You collected 105 gold pieces.

Inventory:

Hand Weapons
 a - a +0 war axe
 e - a +0 battleaxe (weapon)
Armour
 b - a +0 scale mail
 c - a +0 buckler
 i - a +0 chain mail
 j - a +0 plate armour (worn)
Potions
 g - 2 potions of haste


   Skills:
 + Level 3.0 Fighting
 * Level 3.9 Axes
 + Level 2.7 Armour
 - Level 2.4 Shields


You had 2 spell levels left.
You didn't know any spells.
Your spell library contained the following spells:

 Spells                   Type           Power      Damage    Failure   Level
 Gell's Gravitas          Tloc           0%         N/A       100%        3
 Lesser Beckoning         Tloc           0%         N/A       100%        3
 Teleport Other           Tloc           0%         N/A       100%        3


Dungeon Overview and Level Annotations

Branches:
Dungeon (3/15)

Altars:
Ru


Innate Abilities, Weirdness & Mutations

You are completely covered in rugged brown scales. (AC +3, +7% HP)
You have supernaturally acute eyesight. (SInv)
Armour fits poorly on your strangely shaped body.
You can roll at nearby foes to attack.
You have a long armoured tail.


Message History

The adder is severely wounded.
The adder bites you.
You are poisoned.
The adder poisons you!
You miss the adder.
The adder is severely wounded.
You feel sick. The adder bites you. The adder bites you but does no damage.
You barely miss the adder.
Your tail-slap misses the adder.
The adder is severely wounded.
You feel sick. The adder bites you.
* * * LOW HITPOINT WARNING * * *
The adder barely misses you.
You miss the adder.
The adder is severely wounded.
You feel sick. The adder bites you but does no damage.
The adder barely misses you.
You closely miss the adder.
The adder is severely wounded.
You feel sick.
You are no longer poisoned.
The adder bites you but does no damage. x2
You barely miss the adder.
The adder is severely wounded.
The adder bites you.
* * * LOW HITPOINT WARNING * * *
The adder bites you but does no damage.
You closely miss the adder.
The adder is severely wounded.
The adder barely misses you. The adder bites you but does no damage.
You completely miss the adder.
The adder is severely wounded.
The adder bites you but does no damage. The adder bites you.
* * * LOW HITPOINT WARNING * * *
You are lethally poisoned!
The adder poisons you!
It was a potion of resistance.
You feel protected.
* * * LOW HITPOINT WARNING * * *
You feel sick. The adder bites you but does no damage.
You die...

..≈. #... .# ##§§. #..
.##### ...≈.###..
.....# #§≈.....#
###.....#
#§§.....####.......+
##.≈.....'.##.#.....#
...≈.....#.##.#S....##
≈≈≈≈..><.'...@')......
.........#.##.#....?##
####.....#.##.#######
.........[##.#
#####..#####.# .[..
... ###.. #.# #.. #.#


You could see an adder.

Vanquished Creatures
  Terence (D:2)
  A worm (D:2)
  A dart slug (D:1)
  4 ball pythons (D:2)
  A bat (D:1)
  2 endoplasms (D:1)
  A giant cockroach (D:2)
  3 goblins
  5 hobgoblins
  3 kobolds
  2 quokkas
  3 frilled lizards
  5 rats (D:2)
32 creatures vanquished.

Notes
Turn   | Place    | Note
-------+----------+-------------------------------------------
     0 | D:1      | experimilk the Palentonga Fighter began the quest for the
                  | Orb.
     0 | D:1      | Reached XP level 1. HP: 19/19 MP: 1/1
   420 | D:1      | Reached XP level 2. HP: 21/25 MP: 2/2
  1567 | D:2      | Found a faded altar of an unknown god.
  1615 | D:2      | Noticed Terence
  1622 | D:2      | Killed Terence
  1623 | D:2      | Reached XP level 3. HP: 24/31 MP: 3/3
  2059 | D:2      | Found a sacrificial altar of Ru.
  2065 | D:2      | Became a worshipper of Ru the Awakened
  2642 | D:3      | HP: 1/31 [poisoned by an adder]
  2643 | D:3      | Succumbed to an adder's poison

Illustrated notes

Levels and vault maps discovered:
D:1:      erik_arrival_cave_to_civilisation [erik_arrival_cave_to_hall],
          layout_basic
D:2:      layout_loops_cross, basic_altar, hellmonk_ecumenical_altar_crossroads,
          uniq_terence
D:3:      layout_basic, mainiacjoe_overflow_brackets, uniq_natasha

Skill      XL: |  1  2 |
---------------+-------+-----
Axes           | 3 |  3.9
Fighting       | |  3.0
Armour         | |  2.7
Shields        | |  2.4

Action                   || total
-------------------------++-------
Melee: War axe           ||    60
       Tailslap          ||     9
       Battleaxe         ||    47
 Abil: Rolling Charge    ||     4
  Use: Scroll            ||     5
       Potion            ||     2
Armor: Scale mail        ||    22
       Plate armour      ||    54
Dodge: Dodged            ||    34
Block: Buckler           ||    14
